Map: Blackburn LE

Players

GunGFuBanDa - Winner!

  • Race: Protoss Protoss

Kas

  • Race: Terran Terran

Event: DreamHack SC2 Masters 2021 Fall

VOD

Have the link to the VOD?

Description

Time

  • Played on: Aug. 6, 2021, 9:24 a.m.
  • Length: 9:19

All games in this series

Show
View Real Time Build Order
Export as new Build Order

GunGFuBanDa Protoss - Winner!

Build Orders: 1 Gate Expand, Blink Stalkers, Colossus Rush 

Get SALT Encoding   

  12  0:00  Probe  
  13  0:12  Probe  
  14  0:17  Pylon  
  14  0:24  Probe (Chrono Boost)  
  15  0:37  Gateway, Probe (Chrono Boost)  
  16  0:43  Probe (Chrono Boost)  
  16  0:46  Assimilator  
  17  0:52  Probe  
  18  1:04  Probe  
  19  1:16  Probe  
  20  1:23  Nexus  
  20  1:32  Cybernetics Core  
  20  1:37  Probe  
  21  1:43  Assimilator  
  21  1:49  Probe  
  21  1:53  Pylon  
  22  2:01  Probe  
  23  2:09  Adept (Chrono Boost)  
  23  2:10  Warp Gate  
  23  2:13  Probe (Chrono Boost)  
  27  2:23  Probe (Chrono Boost)  
  27  2:29  Probe (Chrono Boost)  
  27  2:32  Sentry  
  27  2:35  Probe (Chrono Boost)  
  33  2:45  Probe x2 (Chrono Boost)  
  33  2:47  Twilight Council  
  33  2:50  Probe (Chrono Boost)  
  33  2:51  Probe  
  33  2:58  Stalker  
  37  3:01  Probe (Chrono Boost)  
  37  3:05  Probe (Chrono Boost)  
  39  3:06  Gateway  
  39  3:14  Probe (Chrono Boost)  
  39  3:18  Blink (Chrono Boost)  
  41  3:21  Pylon, Probe (Chrono Boost)  
  41  3:22  Probe (Chrono Boost)  
  42  3:28  Probe  
  43  3:35  Probe  
  43  3:38  Assimilator  
  43  3:40  Probe  
  45  3:41  Robotics Facility  
  45  3:47  Probe  
  46  3:52  Probe  
  47  3:59  Probe  
  48  4:04  Probe  
  48  4:08  Nexus  
  49  4:10  Pylon  
  49  4:11  Probe  
  49  4:16  Probe  
  51  4:20  Stalker  
  51  4:23  Probe  
  53  4:28  Probe, Robotics Bay  
  53  4:29  Stalker  
  56  4:33  Observer  
  56  4:35  Assimilator, Probe  
  58  4:40  Probe  
  58  4:41  Gateway  
  58  4:42  Gateway  
  59  4:47  Pylon, Sentry  
  59  4:49  Probe  
  62  5:02  Charge (Chrono Boost)  
  62  5:05  Pylon, Gateway, Probe x2  
  64  5:09  Observer  
  64  5:11  Colossus (Chrono Boost)  
  64  5:19  Probe x2  
  72  5:24  Probe  
  72  5:25  Shield Battery  
  73  5:31  Probe  
  73  5:35  Extended Thermal Lance  
  74  5:37  Stalker x2, Zealot  
  79  5:48  Gateway x2  
  79  5:51  Forge  
  79  5:55  Colossus (Chrono Boost)  
  85  6:09  Zealot x4  
  93  6:17  Stalker  
  93  6:20  Shield Battery  
  93  6:22  Pylon  
  93  6:29  Pylon  
  89  6:36  Colossus (Chrono Boost)  
  89  6:38  Zealot  
  93  6:43  Stalker x3  
  93  6:44  Zealot x3  
  101  6:48  Protoss Ground Weapons Level 1 (Chrono Boost)  
  101  6:56  Probe  
  101  6:59  Pylon  
  102  7:06  Probe x2  
  104  7:08  Probe  
  105  7:18  Sentry  
  105  7:19  Sentry, Zealot x3  
  115  7:23  Pylon  
  115  7:26  Assimilator, Pylon  
  115  7:28  Pylon  
  115  7:31  Forge  
  115  7:33  Pylon  
  115  7:36  Assimilator, Probe x2  
  117  7:37  Gateway  
  117  7:39  Immortal (Chrono Boost)  
  117  7:41  Probe  
  122  7:48  Probe  
  123  7:55  Templar Archives, Probe x2  
  125  7:58  Pylon  
  125  8:00  Probe  
  124  8:07  Zealot x6, Probe  
  124  8:10  Disruptor  
  124  8:12  Pylon  
  140  8:20  Pylon  
  140  8:22  Pylon  
  140  8:28  Pylon  
  140  8:31  Zealot  
  140  8:34  High Templar x4  
  146  8:37  Archon  
  146  8:38  Archon  
  150  8:43  Pylon, Zealot x3  
  153  9:04  Zealot x4  
Show
View Real Time Build Order
Export as new Build Order

Kas Terran 

Build Orders: Reaper Expand 

Get SALT Encoding   

  12  0:00  SCV  
  13  0:12  SCV  
  14  0:17  Supply Depot  
  14  0:24  SCV  
  15  0:38  SCV  
  15  0:40  Barracks  
  16  0:44  Refinery  
  16  0:50  SCV  
  17  1:03  SCV  
  18  1:15  SCV  
  19  1:27  Orbital Command  
  19  1:28  Reaper  
  20  1:44  Command Center  
  20  1:54  SCV  
  20  1:56  Supply Depot  
  20  2:00  Marine  
  22  2:06  SCV  
  23  2:11  Factory  
  23  2:17  Refinery  
  23  2:19  SCV  
  24  2:23  Barracks Reactor  
  24  2:30  Bunker  
  24  2:33  SCV  
  25  2:45  SCV  
  26  2:55  Starport  
  26  2:56  Factory Tech Lab  
  26  2:57  SCV  
  27  2:59  Orbital Command  
  27  3:04  Marine  
  27  3:05  Marine  
  29  3:09  SCV  
  30  3:22  Marine, SCV  
  30  3:23  Marine, Barracks  
  30  3:25  SCV  
  34  3:34  SCV  
  35  3:36  Barracks  
  35  3:37  SCV  
  35  3:40  Raven  
  38  3:45  Marine x2  
  38  3:46  Factory Tech Lab  
  38  3:48  SCV  
  41  3:49  SCV  
  41  3:54  Supply Depot  
  42  4:00  SCV  
  42  4:02  SCV  
  44  4:08  Supply Depot  
  44  4:12  SCV  
  44  4:14  SCV  
  44  4:15  Marine x2  
  48  4:19  Stimpack  
  48  4:21  Marauder  
  50  4:24  SCV  
  50  4:26  SCV  
  52  4:32  Combat Shield  
  52  4:36  SCV  
  52  4:38  Starport Reactor, Command Center  
  53  4:41  SCV  
  53  4:43  Marauder  
  53  4:45  Marauder  
  58  4:48  Supply Depot  
  58  4:50  Refinery  
  58  4:51  SCV  
  59  4:54  SCV  
  59  4:57  Marine  
  59  4:58  Marine  
  61  5:03  SCV  
  61  5:05  Engineering Bay  
  61  5:06  Refinery  
  62  5:09  SCV  
  62  5:10  Marauder  
  62  5:11  Supply Depot  
  62  5:12  Marauder  
  67  5:17  Supply Depot, SCV  
  68  5:24  Medivac  
  70  5:32  Marine x2, Medivac  
  70  5:33  SCV, Marauder, Supply Depot  
  77  5:37  SCV  
  77  5:39  Marauder  
  80  5:43  Terran Infantry Weapons Level 1  
  80  5:45  SCV, Supply Depot  
  80  5:49  Orbital Command  
  81  5:51  SCV  
  81  5:54  Marine  
  81  5:55  Concussive Shells  
  83  5:57  SCV  
  83  6:04  SCV, Factory Reactor  
  85  6:08  Barracks  
  85  6:09  SCV  
  85  6:10  Barracks  
  85  6:11  Marauder  
  88  6:16  Marine x2, Marauder  
  92  6:21  Medivac  
  93  6:26  Medivac  
  93  6:29  Orbital Command  
  93  6:32  Marauder  
  90  6:43  Marine x2, Marauder  
  90  6:44  SCV  
  90  6:45  SCV  
  96  6:53  Marauder  
  100  6:57  SCV x2, Barracks Tech Lab  
  100  6:59  SCV  
  100  7:00  Viking x2  
  100  7:01  Marine x2  
  103  7:05  Marauder  
  103  7:08  Marine x2  
  109  7:09  SCV x2  
  109  7:12  Supply Depot  
  109  7:13  Supply Depot  
  109  7:14  SCV  
  109  7:15  Marauder  
  114  7:18  Marauder  
  114  7:19  Marine  
  117  7:24  Missile Turret  
  117  7:27  SCV x3, Missile Turret  
  117  7:28  Marauder  
  117  7:29  Viking  
  122  7:34  Viking  
  122  7:36  Supply Depot, Ghost Academy, Marauder  
  128  7:38  Supply Depot  
  128  7:39  SCV, Marauder  
  128  7:41  Marine x3  
  128  7:42  Marine  
  135  7:44  Refinery  
  135  7:47  SCV  
  135  7:49  Marauder  
  135  7:50  SCV  
  139  7:52  SCV  
  142  8:00  SCV  
  142  8:02  Viking  
  142  8:03  Supply Depot  
  142  8:04  Viking, Supply Depot  
  142  8:05  Marine  
  149  8:10  Ghost x3  
  152  8:13  Marine x3  
  152  8:16  Supply Depot  
  155  8:20  Supply Depot  
  155  8:22  Supply Depot  
  155  8:23  Supply Depot  
  155  8:27  Marine  
  155  8:31  Marine x3  
  159  8:34  Viking x2  
  159  8:38  Refinery  
  159  8:39  Marauder  
  159  8:40  Supply Depot  
  165  8:41  Supply Depot  
  165  8:48  Supply Depot  
  165  8:49  Armory  
  165  8:50  Engineering Bay  
  165  8:57  Marauder x2  
  165  9:01  Marine x2  
  172  9:03  SCV  
  161  9:11  Command Center  

Tags
 
Add a new tag
Caveats
  • Supply blocks, unpowered buildings, or Contaminate may cause inaccurate times.
  • Supply counts are checked every 10 seconds.